 Dungeon Crawl Stone Soup version 0.31.0-11-ge490571c62 (webtiles) character file.

Game seed: 1116352422764611914

28 qw the Shooter (level 2, -3/14 HPs)
             Began as a Spriggan Hunter on Feb 3, 2024.
             Slain by a sleepcap (6 damage)
             ... on level 2 of the Dungeon.
             The game lasted 00:00:02 (793 turns).

qw the Shooter (Spriggan Hunter)                     Turns: 793, Time: 00:00:02

Health: -3/14      AC:  2    Str:  7    XL:     2   Next: 96%
Magic:  3/3        EV: 19    Int: 10    God:
Gold:   21         SH:  0    Dex: 18    Spells: 1/1 levels left

rFire   . . .        a - +0 shortbow
rCold   . . .        (shield currently unavailable)
rNeg    . . .        c - +0 robe
rPois   .            (helmet restricted)
rElec   .            (no cloak)
rCorr   .            (gloves unavailable)
SInv    +            (boots unavailable)
Will    .....        g - amulet of the acrobat
Stlth   ++           (no ring)
HPRegen 0.22/turn    (no ring)
MPRegen 0.08/turn

%: acrobat
@: very quick
A: very small, no large weapons, unfitting armour, see invisible, speed 3
a: no special abilities


You were on level 2 of the Dungeon.
You visited 1 branch of the dungeon, and saw 2 of its levels.

You collected 21 gold pieces.


Innate Abilities, Weirdness & Mutations

You are very small and have problems with some larger weapons.
You are too small for most types of armour.
You have supernaturally acute eyesight. (SInv)
You cover ground extremely quickly. (Speed+++)


   Skills:
 - Level 1.5 Fighting
 + Level 4.4 Ranged Weapons
 - Level 4.0 Dodging
 - Level 1.5 Stealth


You had one spell level left.
You didn't know any spells.
Your spell library was empty.

Inventory:

Hand Weapons
 a - a +0 shortbow (weapon)
Armour
 c - a +0 robe (worn)
Jewellery
 g - an amulet of the acrobat (around neck)
Potions
 f - a potion of mutation

Dungeon Overview and Level Annotations

Branches:
Dungeon (2/15)

Altars:

Shops:
D:1 *


Message History

Done exploring.
What level of the Dungeon? (default 1, ? - help)
You open the door.
There is an open door here.
There is a stone staircase leading down here.
You climb downwards.
Found a golden potion and a robe.
There is a stone staircase leading up here.
A sleepcap is nearby!
Waypoint 1 assigned to D:2.
You shoot an arrow.
The arrow hits the sleepcap but does no damage.
You shoot an arrow. The arrow hits the sleepcap!
The sleepcap is moderately damaged.
You shoot an arrow. The arrow hits the sleepcap!
The sleepcap is heavily damaged.
You shoot an arrow. The arrow hits the sleepcap.
The sleepcap is heavily damaged.
You shoot an arrow.
The arrow hits the sleepcap but does no damage.
The sleepcap is heavily damaged.
You shoot an arrow.
The arrow hits the sleepcap but does no damage.
The sleepcap is heavily damaged.
You shoot an arrow. The arrow hits the sleepcap.
The sleepcap is severely damaged.
The sleepcap releases spores at you!
Ouch! That really hurt!
The sleepcap barely misses you.
You shoot an arrow.
The arrow hits the sleepcap but does no damage.
The sleepcap is severely damaged.
The sleepcap releases spores at you.
You shoot an arrow. The arrow hits the sleepcap.
The sleepcap is severely damaged.
The sleepcap closely misses you.
You shoot an arrow.
The arrow hits the sleepcap but does no damage.
The sleepcap is severely damaged.
The sleepcap releases spores at you.
You die...

#. ##.##
#[!...
#....#
.###.#... #
........##.#
.#.........#
......f@#
........#
.......##
.......
#######


You could see a sleepcap.

Vanquished Creatures
  3 dart slugs (D:1)
  3 ball pythons (D:1)
  A bat (D:1)
  2 endoplasms (D:1)
  2 goblins (D:1)
  4 jackals (D:1)
  2 kobolds (D:1)
  A frilled lizard (D:1)
18 creatures vanquished.

Notes
Turn   | Place    | Note
-------+----------+-------------------------------------------
     0 | D:1      | qw the Spriggan Hunter began the quest for the Orb.
     0 | D:1      | Reached XP level 1. HP: 10/10 MP: 2/2
     0 | D:1      | 0 ||| qw: Version: 0.3-a-155-g5e7d8dd
     0 | D:1      | 0 ||| qw: Game counter: 3472
     0 | D:1      | 0 ||| qw: Melee chars always use a shield: true
     0 | D:1      | 0 ||| qw: God list: Okawaru
     0 | D:1      | 0 ||| qw: Allow faded altars: false
     0 | D:1      | 0 ||| qw: Do Orc after clearing Dungeon:15 true
     0 | D:1      | 0 ||| qw: Do second Lair branch before Depths: true
     0 | D:1      | 0 ||| qw: Lair rune preference: random
     0 | D:1      | 0 ||| qw: Goals: Normal
     0 | D:1      | 0 ||| PLANNING D:1-11
    31 | D:1      | Found Cagogg's Assorted Antiques.
    37 | D:1      | 37 ||| SHOPLISTING 2 silvery potions (50 gold, have 0).
    37 | D:1      | 37 ||| SHOPLISTING fuming pink potion (25 gold, have 0).
    37 | D:1      | 37 ||| SHOPLISTING scroll labelled IGRUFUKHO (28 gold, have
                  | 0).
    37 | D:1      | 37 ||| SHOPLISTING scroll labelled TUXKOM LUCZI (28 gold,
                  | have 0).
    37 | D:1      | 37 ||| SHOPLISTING scroll labelled VINKUC WAULU (28 gold,
                  | have 0).
    37 | D:1      | 37 ||| SHOPLISTING scroll labelled XEF TUSTREQAB (28 gold,
                  | have 0).
    37 | D:1      | 37 ||| SHOPLISTING smoky pink potion (25 gold, have 0).
    51 | D:1      | Reached skill level 3 in Dodging
   104 | D:1      | Reached XP level 2. HP: 14/14 MP: 3/3
   659 | D:1      | Found a faded altar of an unknown god.
   663 | D:1      | 663 ||| UPGRADING to amulet of the acrobat.
   668 | D:1      | 668 ||| READING scroll labelled TUXKOM LUCZI.
   669 | D:1      | 669 ||| READING scroll labelled XEF TUSTREQAB.
   669 | D:1      | 669 ||| IDENTIFYING pink potion
   670 | D:1      | 670 ||| READING scroll labelled DOAGE UDAALOJU.
   771 | D:1      | 771 ||| READING scroll labelled DAREONO EDOR.
   772 | D:1      | 772 ||| READING scroll labelled PEFUPHATAA.
   772 | D:1      | 772 ||| ENCHANTING +0 shortbow.
   773 | D:1      | 773 ||| DROPPING scroll of butterflies.
   791 | D:2      | HP: 2/14 [sleepcap (5)]
   793 | D:2      | Slain by a sleepcap

Levels and vault maps discovered:
D:1:      minmay_arrival_wavy_path, layout_basic, serial_shops,
          nicolae_shop_pleasant_corner_grove, basic_ecumenical_altar
D:2:      layout_loops_cross, minmay_misc_feat_hallway, uniq_terence

Skill      XL: |  1  2 |
---------------+-------+-----
Dodging        | 3 4 |  4.0
Fighting       | |  1.5
Ranged Weapons | |  4.4
Stealth        | |  1.5

Action                     || total
---------------------------++-------
   Fire: Shortbow          ||    40
    Use: Scroll            ||     5
 Armour: Robe              ||     5
  Dodge: Dodged            ||     6

Table legend:
 A = Non-vault XP
 B = Vault XP
 C = Vault XP percentage of total XP
 D = Non-vault monster count
 E = Vault monster count
 F = Vault count percentage of total count
                 A         B        C        D         E       F
            +---------+---------+-------+---------+---------+-------
      Total |      40 |       0 |   0.0 |      18 |       0 |   0.0
            +---------+---------+-------+---------+---------+-------
        D:1 |      40 |       0 |   0.0 |      18 |       0 |   0.0
            +---------+---------+-------+---------+---------+-------
